 Dungeon Crawl Stone Soup version 0.30.0-20-g3615ddf2f0 (webtiles) character file.

Game seed: 6420726008045490796

456 qw the Chopper (level 7, -4/43 HPs)
             Began as a Gargoyle Fighter on May 28, 2023.
             Was an Initiate of Okawaru.
             Slain by an orc
             ... wielding a +0 trident
              (6 damage)
             ... on level 5 of the Dungeon.
             The game lasted 00:01:33 (3449 turns).

qw the Chopper (Gargoyle Fighter)                   Turns: 3449, Time: 00:01:34

Health: -4/43      AC: 13    Str: 22    XL:     7   Next: 6%
Magic:  7/7        EV: 10    Int:  8    God:    Okawaru [......]
Gold:   311        SH:  4    Dex:  9    Spells: 6/6 levels left

rFire   + . .        f - +1 war axe (heavy)
rCold   + . .        c - +0 buckler
rNeg    + . .        b - +0 scale mail
rPois   inf          a - +0 helmet
rElec   +            e - scarf {rC+ rF+}
rCorr   .            (no gloves)
SInv    .            k - +0 pair of boots
Will    .....        (no amulet) Stlth
                     (no ring)
HPRegen 0.27/turn    (no ring)
MPRegen 0.10/turn

%: no passive effects
@: no status effects
A: sickness immunity, AC +4, negative energy resistance 1, electricity
resistance, torment resistance 1, petrification resistance
a: Renounce Religion


You were on level 5 of the Dungeon.
You worshipped Okawaru.
Okawaru was noncommittal.
You visited 1 branch of the dungeon, and saw 5 of its levels.

You collected 311 gold pieces.


Innate Abilities, Weirdness & Mutations

You are immune to sickness and miasma.
Your stone body is resilient. (AC +4)
You are immune to poison.
You resist negative energy. (rN+)
You are resistant to electric shocks. (rElec)
You are resistant to unholy torment.
You are immune to petrification.


   Skills:
 - Level 4.0 Fighting
 + Level 5.7 Axes
 - Level 1.1 Throwing
 - Level 3.2 Armour
 - Level 1.9 Dodging
 - Level 3.2 Shields


You had 6 spell levels left.
You didn't know any spells.
Your spell library was empty.

Inventory:

Hand Weapons
 f - a +1 heavy war axe (weapon)
 q - a +0 flail
Missiles
 g - a boomerang
 u - a silver boomerang (quivered)
Armour
 a - a +0 helmet (worn)
 b - a +0 scale mail (worn)
 c - a +0 buckler (worn)
 e - a scarf of resistance (worn)
 k - a +0 pair of boots (worn)
Wands
 s - a wand of digging (6)
Scrolls
 m - a scroll of identify
Potions
 d - a potion of might
 h - a potion of haste
 i - a potion of lignification
 j - a potion of heal wounds {unknown}
 l - a potion of degeneration {unknown}
 n - a potion of mutation {unknown}
 o - a potion of curing
 p - a potion of berserk rage {unknown}

Dungeon Overview and Level Annotations

Branches:
Dungeon (5/15)
 Temple: D:4-7

Altars:
Cheibriados
Elyvilon
Fedhas
Okawaru
Sif Muna
Zin


Message History

Where to? (* - list waypoints, Enter - D:4 @ (x,y), ? - help)
What level of the Dungeon? (default 1, ? - help)
There is a stone staircase leading down here.
You climb downwards.
You hear the hiss of flowing sand.
There is an entrance to an ossuary on this level.
Hurry and find it before the portal is buried!
The orc wizard shouts!
You hear a shout!
Found a potion of might.
There is a stone staircase leading up here.
An orc wizard is nearby!
Waypoint 4 assigned to D:5.
3444 ||| PLANNING OSSUARY A centaur comes into view.
Found a potion of curing.
The centaur shouts!
You hear a shout!
The orc wizard casts a spell at you. The magic dart hits you.
An orc comes into view. It is wielding a +0 trident.
The centaur wields a +0 shortbow.
The centaur shoots an arrow.
The arrow hits you!
You slash the orc wizard!
You kill the orc wizard!
Okawaru accepts your kill.
The centaur shoots an arrow.
The arrow hits you but does no damage.
The centaur shoots an arrow.
The arrow hits you.
The centaur shoots an arrow.
The arrow hits you.
You have reached level 7!
The centaur shoots an arrow.
The arrow closely misses you.
The centaur shoots an arrow.
The arrow hits you!
Found a plate armour.
Found a stone staircase leading down.
The orc barely misses you.
The centaur unwields a +0 shortbow.
The centaur hits you but does no damage.
The centaur kicks you but does no damage.
You hit the centaur.
The centaur is lightly wounded.
You completely miss the orc. The centaur closely misses you.
The centaur kicks you. You block the orc's attack.
You block the centaur's attack. The centaur kicks you.
The orc hits you with a +0 trident.
You die...

#.#.#.#.#.#
...........
#.#.#.#.#.###
...........
#.#.#.#.#.##
...!.....<.#
#.#.#.#.#.##
......)....#
#.#.#.#@#.##
.....!co...#
#.#.#.#.#.#..>.
..........####
#.#.# #.#.##
.... ... #.#
#.# .. .[.


You could see a centaur and an orc.

Vanquished Creatures
  An ogre (D:4)
  A phantom (D:4)
  A howler monkey (D:2)
  3 orc wizards
  4 gnolls (D:4)
  5 adders
  2 worms
  2 dart slugs
  7 orcs
  5 endoplasms
  3 giant cockroaches
  7 hobgoblins
  9 jackals
  3 quokkas
  4 ball pythons
  5 bats
  4 frilled lizards
  10 goblins
  5 kobolds
  5 rats
86 creatures vanquished.

Notes
Turn   | Place    | Note
-------+----------+-------------------------------------------
     0 | D:1      | qw the Gargoyle Fighter began the quest for the Orb.
     0 | D:1      | Reached XP level 1. HP: 14/14 MP: 1/1
     0 | D:1      | 0 ||| qw: Version: 0.2-a-100-g7972860
     0 | D:1      | 0 ||| qw: Game counter: 246
     0 | D:1      | 0 ||| qw: Always use a shield: true
     0 | D:1      | 0 ||| qw: God list: Okawaru
     0 | D:1      | 0 ||| qw: Allow faded altars: false
     0 | D:1      | 0 ||| qw: Do Orc after D:15 true
     0 | D:1      | 0 ||| qw: Do second Lair branch before Depths: true
     0 | D:1      | 0 ||| qw: Lair rune preference: random
     0 | D:1      | 0 ||| qw: Plans: Normal, Zot:1-4, Slime:5, God:TSO, Crypt,
                  | Tomb, Pan, Hells, Abyss, Win
     0 | D:1      | 0 ||| PLANNING D:1-11
    96 | D:1      | Reached skill level 2 in Axes
   110 | D:1      | 110 ||| Stepping ~*~*~tactically~*~*~ (stealth).
   121 | D:1      | 121 ||| Stepping ~*~*~tactically~*~*~ (stealth).
   130 | D:1      | 130 ||| Stepping ~*~*~tactically~*~*~ (stealth).
   178 | D:1      | Reached XP level 2. HP: 19/19 MP: 2/2
   230 | D:1      | 230 ||| Stepping ~*~*~tactically~*~*~ (stealth).
   508 | D:1      | Reached skill level 3 in Axes
   541 | D:1      | Reached XP level 3. HP: 19/23 MP: 3/3
   784 | D:1      | 784 ||| UPGRADING to scarf of resistance.
   789 | D:1      | 789 ||| READING scroll labelled HEASOZ VUTZUPP.
   866 | D:2      | 866 ||| Stepping ~*~*~tactically~*~*~ (stealth).
   917 | D:2      | Reached skill level 4 in Axes
   917 | D:2      | Reached XP level 4. HP: 25/28 MP: 4/4
   936 | D:2      | 936 ||| Stepping ~*~*~tactically~*~*~ (stealth).
  1603 | D:2      | Found a faded altar of an unknown god.
  1625 | D:2      | Reached XP level 5. HP: 30/32 MP: 5/5
  1743 | D:2      | 1743 ||| UPGRADING to +0 helmet.
  1748 | D:2      | 1748 ||| UPGRADING to +0 pair of boots.
  1753 | D:2      | 1753 ||| READING 2 scrolls labelled BUCSEIN OZEHI.
  1754 | D:2      | 1754 ||| READING scroll labelled GILIDIUNA.
  1758 | D:2      | 1758 ||| DROPPING scroll of immolation.
  2281 | D:3      | Reached skill level 5 in Axes
  2282 | D:3      | 2282 ||| FLEEEEING.
  2287 | D:3      | 2287 ||| FLEEEEING.
  2288 | D:3      | 2288 ||| FLEEEEING.
  2289 | D:3      | 2289 ||| FLEEEEING.
  2290 | D:3      | 2290 ||| FLEEEEING.
  2291 | D:3      | 2291 ||| FLEEEEING.
  2292 | D:3      | 2292 ||| FLEEEEING.
  2293 | D:3      | 2293 ||| FLEEEEING.
  2294 | D:3      | 2294 ||| FLEEEEING.
  2351 | D:3      | 2351 ||| DROPPING +0 club.
  2403 | D:3      | 2403 ||| Stepping ~*~*~tactically~*~*~ (hiding).
  2462 | D:3      | 2462 ||| READING scroll labelled CIEGGI FUIPNU.
  2512 | D:4      | 2512 ||| Stepping ~*~*~tactically~*~*~ (hiding).
  2515 | D:4      | 2515 ||| Stepping ~*~*~tactically~*~*~ (hiding).
  2629 | D:4      | Reached XP level 6. HP: 38/38 MP: 6/6
  2819 | D:4      | 2819 ||| Stepping ~*~*~tactically~*~*~ (hiding).
  2825 | D:4      | Found a blossoming altar of Fedhas.
  2840 | D:4      | Found an iron altar of Okawaru.
  2841 | D:4      | 2841 ||| PLANNING OKAWARU WORSHIP
  2841 | D:4      | 2841 ||| DROPPING +2 leather armour of poison resistance.
  2842 | D:4      | 2842 ||| READING scroll labelled DEXEUFYAHI.
  2843 | D:4      | 2843 ||| READING scroll labelled GUAWNOUMOLA.
  2844 | D:4      | 2844 ||| DRINKING 2 fizzy golden potions.
  2874 | D:4      | 2874 ||| DRINKING 2 fizzy cyan potions.
  2875 | D:4      | 2875 ||| READING 2 scrolls of identify.
  2875 | D:4      | 2875 ||| IDENTIFYING bubbling brown potion
  2879 | D:4      | Found a snail-covered altar of Cheibriados.
  2883 | D:4      | Became a worshipper of Warmaster Okawaru
  2883 | D:4      | 2883 ||| PLANNING D:1-11
  2950 | D:4      | 2950 ||| Stepping ~*~*~tactically~*~*~ (stealth).
  2962 | D:4      | Reached skill level 1 in Throwing
  3089 | D:4      | Reached skill level 1 in Dodging
  3131 | D:4      | Found a glowing silver altar of Zin.
  3132 | D:4      | Found a shimmering blue altar of Sif Muna.
  3133 | D:4      | Found a white marble altar of Elyvilon.
  3160 | D:4      | HP: 9/38 [ogre/+0 giant spiked club (24)]
  3310 | D:4      | 3310 ||| READING scroll labelled PUXKAMNOVEU.
  3311 | D:4      | 3311 ||| READING scroll labelled VAODIRPH CEOG.
  3412 | D:4      | 3412 ||| READING scroll labelled GOOKIALIZE.
  3413 | D:4      | 3413 ||| READING scroll labelled CUBRIBB LAWOAQEUN.
  3413 | D:4      | Identified a scroll of acquirement
  3413 | D:4      | 3413 ||| ACQUIRING +1 heavy war axe
  3413 | D:4      | Acquired a +1 heavy war axe
  3415 | D:4      | 3415 ||| SWAPPING to +1 heavy war axe.
  3416 | D:4      | 3416 ||| DROPPING +0 war axe.
  3443 | D:5      | Entered Level 5 of the Dungeon
  3444 | D:5      | 3444 ||| PLANNING OSSUARY
  3447 | D:5      | Reached XP level 7. HP: 13/43 MP: 7/7
  3447 | D:5      | HP: 5/43 [centaur/arrow (8)]
  3449 | D:5      | HP: 2/43 [centaur (2)]
  3449 | D:5      | Slain by an orc

Levels and vault maps discovered:
D:1:      sevenhm_arrival_forest_fort_large_2, layout_loops_cross,
          chequers_hall_statues_y, kennysheep_pointless_box,
          chequers_serial_rivers_room_a
D:2:      layout_loops_corners, shapermc_ecumenical_altar_starsandcircs,
          grunt_ministairs_12
D:3:      layout_loops_ring, st_stairs_7, minmay_box_of_dots
D:4:      layout_loops_ring, minitemple
D:5:      layout_loops_ring, enter_ossuary_4, grunt_decor_junction,
          nicolae_zen_rock_garden, st_stairs_11

Skill      XL: |  1  2  3  4  5  6 |
---------------+-------------------+-----
Axes           | 2 3 4 5 |  5.7
Fighting       | 4 |  4.0
Throwing       | 1 |  1.1
Dodging        | 1 |  1.9
Armour         | |  3.2
Shields        | |  3.2

Action                     |  1- 3 |  4- 6 |  7- 9 || total
---------------------------+-------+-------+-------++-------
  Melee: War axe           |    68 |   170 |     1 ||   239
  Throw: Boomerang         |    25 |    42 |       ||    67
    Use: Scroll            |     1 |    10 |       ||    11
         Potion            |       |     2 |       ||     2
 Armour: Scale mail        |    39 |    72 |     2 ||   113
  Dodge: Dodged            |    23 |    55 |     3 ||    81
  Block: Buckler           |    13 |    29 |     2 ||    44

Table legend:
 A = Non-vault XP
 B = Vault XP
 C = Vault XP percentage of total XP
 D = Non-vault monster count
 E = Vault monster count
 F = Vault count percentage of total count
                 A         B        C        D         E       F
            +---------+---------+-------+---------+---------+-------
      Total |     581 |      71 |  10.9 |      78 |       8 |   9.3
            +---------+---------+-------+---------+---------+-------
        D:1 |      40 |       0 |   0.0 |      25 |       0 |   0.0
        D:2 |     115 |      15 |  11.5 |      20 |       2 |   9.1
        D:3 |     116 |      20 |  14.7 |      17 |       5 |  22.7
        D:4 |     310 |       0 |   0.0 |      16 |       0 |   0.0
        D:5 |       0 |      36 | 100.0 |       0 |       1 | 100.0
            +---------+---------+-------+---------+---------+-------
